 Dungeon Crawl Stone Soup version 0.32-a0-893-gf85d74f360 (webtiles) character file.

Game seed: 16429089739365950427

310 Heh the Slasher (level 6, -3/44 HPs)
             Began as a Coglin Gladiator on Apr 3, 2024.
             Was an Initiate of Beogh.
             Slain by an ogre
             ... wielding a +0 giant club
              (18 damage)
             ... on level 4 of the Dungeon.
             The game lasted 00:03:40 (2302 turns).

Heh the Slasher (Coglin Gladiator)                  Turns: 2302, Time: 00:03:41

Health: -3/44      AC:  7    Str: 15    XL:     6   Next: 41%
Magic:  6/6        EV: 10    Int:  7    God:    Beogh [......]
Gold:   227        SH:  0    Dex: 17    Spells: 5/5 levels left

rFire   . . .        a - +0 long sword {Ari}
rCold   . . .        e - +2 dagger (venom) {Fikile}
rNeg    . . .        l - +0 ring mail
rPois   .            c - +0 helmet
rElec   .            (no cloak)
rCorr   .            (no gloves)
SInv    .            g - +0 pair of boots
Will    .....        (amulet unavailable)
Stlth   +            (ring unavailable)
HPRegen 0.27/turn    (ring unavailable)
MPRegen 0.10/turn    (no gizmo)

%: no passive effects
@: revving
A: off-hand wielding, slow wielding, warmup strikes, no jewellery
a: Invent Gizmo, Renounce Religion


You were on level 4 of the Dungeon.
You worshipped Beogh.
Beogh was noncommittal.
You visited 1 branch of the dungeon, and saw 4 of its levels.

You collected 227 gold pieces.

Inventory:

Hand Weapons
 a - a +0 long sword (weapon) {Ari}
 e - a +2 dagger of venom (offhand) {Fikile}
 f - a +0 dagger {Li}
 o - a +0 short sword {Etsuko}
 p - a +0 long sword {Myungok}
Missiles
 d - 2 throwing nets
 m - 2 boomerangs (quivered)
 v - 5 javelins
Armour
 b - a +0 leather armour
 c - a +0 helmet (worn)
 g - a +0 pair of boots (worn)
 l - a +0 ring mail (worn)
 u - a +0 chain mail
 x - a +0 tower shield
Wands
 y - a wand of flame (1)
Scrolls
 h - 7 scrolls of identify {unknown}
 j - a scroll of enchant armour {unknown}
 k - a scroll of teleportation {unknown}
 s - a scroll of amnesia {unknown}
 B - a scroll of immolation {unknown}
Potions
 i - 2 potions of enlightenment {unknown}
 n - a potion of curing {unknown}
 q - a potion of might {unknown}
 r - a potion of cancellation {unknown}
 t - a potion of brilliance {unknown}
 w - a potion of haste {unknown}
 z - 2 potions of berserk rage {unknown}
 A - 2 potions of heal wounds {unknown}


   Skills:
 + Level 2.0 Fighting
 * Level 7.0 Long Blades
 - Level 1.7 Throwing
 - Level 2.6 Dodging


You had 5 spell levels left.
You didn't know any spells.
Your spell library contained the following spells:

 Spells                   Type           Power      Damage    Failure   Level
 Summon Small Mammal      Summ           0%         N/A       67%         1
 Call Canine Familiar     Summ           0%         N/A       95%         3
 Inner Flame              Hex/Fire       0%         N/A       95%         3
 Maxwell's Portable Pile  Tloc           0%         2d(5-13)  95%         3
 Flame Wave               Conj/Fire      0%         2d4       100%        4
 Sticky Flame             Fire/Alch      0%         2d4       100%        4
 Summon Blazeheart Golem  Fire/Summ      0%         N/A       100%        4
 Arcjolt                  Conj/Air       0%         1d10      100%        5
 Maxwell's Capacitive Co  Air            0%         ∞         100%        8


Dungeon Overview and Level Annotations

Branches:
Dungeon (4/15)
 Temple: D:4-7

Altars:
Fedhas
Makhleb
Vehumet
Xom


Innate Abilities, Weirdness & Mutations

You can wield a second weapon in your off-hand.
It takes a long time for you to wield or remove held weapons.
Your first few attacks do less damage.
You cannot equip rings or amulets.


Message History

No target in view!
No target in view!
No target in view!
Found 13 gold pieces.
Found a shimmering altar of Xom.
Found 40 gold pieces.
You hear the slow hiss of a distant avalanche of sand.
Found 6 gold pieces and a scroll labelled BAMNUWO BENYK.
An ogre comes into view. It is wielding a +0 giant club.
Found a leather armour.
You see here 13 gold pieces.
You now have 227 gold pieces (gained 13).
You hit the ogre with your +2 dagger of venom.
The ogre is poisoned.
The ogre is lightly wounded.
You hit the ogre with your +0 long sword.
The ogre hits you with a +0 giant club!!
Ouch! That really hurt!
You are too injured to fight recklessly!
You are too injured to fight recklessly!
You are too injured to fight recklessly!
You are too injured to fight recklessly!
You are too injured to fight recklessly!
You are too injured to fight recklessly!
You are too injured to fight recklessly!
You are too injured to fight recklessly!
You are too injured to fight recklessly!
You are too injured to fight recklessly!
You are too injured to fight recklessly!
You are too injured to fight recklessly!
You are too injured to fight recklessly!
You are too injured to fight recklessly!
You are too injured to fight recklessly!
You are too injured to fight recklessly!
Throw: 3 throwing nets
Press: ? - help, Q - select action, (/) - cycle Shift-Dir - straight line, f - ogre
Aim: an ogre, wielding a +0 giant club (moderately wounded, very poisoned, 73% to hit)
You throw a throwing net.
The throwing net barely misses the ogre.
The ogre hits you with a +0 giant club!!
You die...

#. #.# #. #.#
#.## #.#
[#####..# #.#
........####.#
#######......#
#.....#..#####.
#.$...#........
#.._..#@.######
#$$...#O.#
#.$...#..#
###+###..#
..?......#
####...(.#
#######


You could see an ogre (very poisoned).

Vanquished Creatures
  An ogre (D:3)
  A crimson imp (D:3)
  A bombardier beetle (D:3)
  8 adders
  A white imp (D:4)
  3 ribbon worms (D:2)
  5 dart slugs
  3 orcs (D:3)
  4 ball pythons
  7 bats
  3 endoplasms
  5 giant cockroaches
  13 goblins
  4 hobgoblins
  A jackal (D:2)
  5 frilled lizards
  6 kobolds
  2 rats (D:1)
73 creatures vanquished.

Notes
Turn   | Place    | Note
-------+----------+-------------------------------------------
     0 | D:1      | Heh the Coglin Gladiator began the quest for the Orb.
     0 | D:1      | Reached XP level 1. HP: 16/16 MP: 1/1
    52 | D:1      | Reached XP level 2. HP: 22/22 MP: 2/2
   257 | D:1      | Reached skill level 4 in Long Blades
   275 | D:1      | Reached XP level 3. HP: 21/27 MP: 3/3
   723 | D:2      | Reached XP level 4. HP: 33/33 MP: 4/4
   866 | D:2      | Reached skill level 5 in Long Blades
  1086 | D:2      | Reached XP level 5. HP: 38/38 MP: 5/5
  1230 | D:3      | Noticed an ogre
  1238 | D:3      | Killed an ogre
  1239 | D:3      | Reached skill level 6 in Long Blades
  1430 | D:3      | Reached XP level 6. HP: 44/44 MP: 6/6
  1441 | D:3      | Found a blossoming altar of Fedhas.
  1521 | D:3      | Became a worshipper of Beogh the Shepherd
  1841 | D:3      | Found a radiant altar of Vehumet.
  1842 | D:3      | Found a burning altar of Makhleb.
  1975 | D:3      | Reached skill level 7 in Long Blades
  2294 | D:4      | Found a shimmering altar of Xom.
  2302 | D:4      | Slain by an ogre

Illustrated notes

Levels and vault maps discovered:
D:1:      wander_arrival_chamber, layout_rooms, minmay_circled_x
D:2:      minmay_diamond_boxcup, layout_rooms, skrybe_limestone_x
D:3:      layout_loops_ring, grunt_temple_overflow_lords_of_destruction,
          marbit_many_paths, minmay_ogre_servants
D:4:      layout_loops_ring, amcnicky_altar_gilded,
          nicolae_ossuary_entry_catacombs

Skill      XL: |  1  2  3  4  5  6 |
---------------+-------------------+-----
Long Blades    | 4 5 6 7 |  7.0
Fighting       | |  2.0
Throwing       | |  1.7
Dodging        | |  2.6

Action                     |  1- 3 |  4- 6 || total
---------------------------+-------+-------++-------
  Melee: Long sword        |    55 |   161 ||   216
         Dagger            |    36 |    19 ||    55
         Short sword       |     2 |       ||     2
  Throw: Javelin           |       |     1 ||     1
         Boomerang         |       |     6 ||     6
         Throwing net      |       |     1 ||     1
 Invoke: Convert to Beogh  |       |     1 ||     1
    Use: Scroll            |       |     1 ||     1
 Armour: Leather armour    |    17 |       ||    17
         Ring mail         |     8 |    62 ||    70
  Dodge: Dodged            |    28 |    61 ||    89

Table legend: (Time is in decaauts)
 A = Elapsed time spent in this place.
 B = Non-inter-level travel time spent in this place.
 C = Inter-level travel time spent in this place.
 D = Time resting spent in this place.
 E = Time spent auto-exploring this place.
 F = Levels seen in this place.
 G = Mean time per level.
                   A        B        C        D        E       F      G
               +--------+--------+--------+--------+--------+-----+--------+
         Total |   2315 |   2190 |    125 |     12 |   1635 |   4 |  578.8 |
       Dungeon |   2315 |   2190 |    125 |     12 |   1635 |   4 |  578.8 |
               +--------+--------+--------+--------+--------+-----+--------+

Top non-repeatable levels by time:
     D:3: 815 daAuts
     D:2: 676 daAuts
     D:1: 563 daAuts
     D:4: 260 daAuts
